 Dungeon Crawl Stone Soup version 0.27-a0-972-gd1521fd518 (webtiles) character file.

Game seed: 5569177608346217717

82 harryhousin the Insei (level 4, 0/38 HPs)
             Began as a Gnoll Wanderer on Apr 13, 2021.
             Was a Believer of Kikubaaqudgha.
             Slain by a gnoll
             ... wielding a +0 halberd
              (2 damage)
             ... on level 3 of the Dungeon.
             The game lasted 00:11:31 (1851 turns).

harryhousin the Insei (Gnoll Wanderer)              Turns: 1851, Time: 00:11:31

Health: 0/38       AC:  9    Str: 11    XL:     4   Next: 43%
Magic:  5/5        EV:  9    Int: 12    God:    Kikubaaqudgha [**....]
Gold:   121        SH:  0    Dex: 12    Spells: 4/5 levels left

rFire    . . .     SeeInvis .   a - +0 quarterstaff
rCold    . . .     Faith    .   (shield currently unavailable)
rNeg     . . .     Spirit   .   b - +2 scale mail
rPois    .         Reflect  .   (no helmet)
rElec    .         Harm     .   (no cloak)
rCorr    .         Rampage  .   (no gloves)
Will     .....                  (no boots)
Stlth    +.........             (no amulet)
HPRegen  0.12/turn              h - ring of flight
MPRegen  0.09/turn              (no ring)

@: weak-willed, flying
A: fangs 1, strong nose, distributed training
a: Renounce Religion, Receive Corpses


You were on level 3 of the Dungeon.
You worshipped Kikubaaqudgha.
Kikubaaqudgha was pleased with you.
You visited 1 branch of the dungeon, and saw 3 of its levels.

You collected 121 gold pieces.

Inventory:

Hand Weapons
 a - a +0 quarterstaff (weapon)
Armour
 b - a +2 scale mail (worn)
Jewellery
 h - a ring of flight (left hand)
Scrolls
 g - a scroll of vulnerability
Potions
 c - 4 potions of curing
 e - a potion of brilliance {unknown}
 f - a potion of invisibility {unknown}
 i - 2 potions of attraction
 k - a potion of lignification {unknown}


   Skills:
 + Level 4.6 Fighting
 + Level 1.1 Short Blades
 + Level 1.1 Long Blades
 + Level 1.1 Axes
 + Level 1.1 Maces & Flails
 + Level 1.1 Polearms
 + Level 1.1 Staves
 + Level 1.1 Slings
 + Level 4.6 Bows
 + Level 1.1 Crossbows
 + Level 1.1 Throwing
 + Level 4.6 Armour
 + Level 1.1 Dodging
 + Level 4.2 Stealth
 + Level 1.1 Shields
 + Level 4.6 Unarmed Combat
 + Level 1.1 Spellcasting
 + Level 0.9 Conjurations
 + Level 0.9 Hexes
 + Level 0.9 Summonings
 + Level 0.9 Necromancy
 + Level 0.9 Translocations
 + Level 0.9 Transmutations
 + Level 0.9 Fire Magic
 + Level 0.9 Ice Magic
 + Level 0.9 Air Magic
 + Level 0.9 Earth Magic
 + Level 0.9 Poison Magic
 + Level 1.2 Invocations
 + Level 1.1 Evocations


You had 4 spell levels left.
You knew the following spells:

 Your Spells              Type           Power      Damage    Failure   Level
a - Pain                  Necr           8%         1d4       71%         1

Your spell library contained the following spells:

 Spells                   Type           Power      Damage    Failure   Level
 Corpse Rot               Necr/Air       N/A        N/A       85%         2
 Sublimation of Blood     Necr           1%         N/A       85%         2
 Vampiric Draining        Necr           1%         2d6       97%         3


Dungeon Overview and Level Annotations

Branches:
Dungeon (3/15)

Altars:
Kikubaaqudgha

Annotations:
D:3 Ijyb


Innate Abilities, Weirdness & Mutations

You have very sharp teeth.
Your uncanny sense of smell can sniff out nearby items.
Your experience applies equally to all skills.


Message History

Ijyb zaps a wand.
You turn into a tree.
Your +2 scale mail melds into your body.
Your roots penetrate the ground.
Okay, then.
Ijyb zaps a wand.
Ijyb zaps a wand.
Ijyb zaps a wand.
You resist with significant effort.
Your transformation is almost over.
Ijyb hits you with a +0 dagger.
* * * LOW HITPOINT WARNING * * *
Ijyb zaps a wand.
You resist with significant effort. The gnoll hits you but does no damage.
You hit Ijyb.
Ijyb is lightly wounded.
Ijyb hits you but does no damage. The gnoll hits you but does no damage.
Ijyb hits you but does no damage.
You hit Ijyb but do no damage.
Ijyb is lightly wounded.
The gnoll hits you but does no damage.
Ijyb zaps a wand.
You resist with significant effort.
You hit Ijyb but do no damage.
Ijyb is lightly wounded.
The gnoll hits you but does no damage. Ijyb hits you but does no damage.
The gnoll hits you but does no damage.
You barely miss Ijyb.
Ijyb is lightly wounded.
Ijyb hits you but does no damage. The gnoll hits you but does no damage.
You closely miss Ijyb.
Ijyb is lightly wounded.
Ijyb hits you with a +0 dagger.
* * * LOW HITPOINT WARNING * * *
The gnoll hits you but does no damage. Ijyb hits you but does no damage.
You barely miss Ijyb.
You feel less wooden.
Your +2 scale mail unmelds from your body.
The gnoll closely misses you. Ijyb hits you but does no damage.
You closely miss Ijyb. You bite Ijyb, but do no damage.
The gnoll hits you from afar with a +0 halberd.
You die...
Kikubaaqudgha rasps: "You have failed me!
Welcome... death!"

#..###...###..# #.
.......(........#
#.
............###..#
#. ####..###..##
#..# #. #.. #..#
#..# #.
####.####..# #...
...g......# #..##
#.....##.# #..#
#.@g...... ...# #
#.....##.#
#####.###.....##
........^.......
#.###.##########..
.. # ##


You could see Ijyb and a gnoll (weak-willed).

Vanquished Creatures
  A howler monkey skeleton (D:2)
  2 adders
  6 ball pythons
  2 endoplasms
  3 giant cockroaches
  5 goblins
  7 hobgoblins
  3 jackals (D:3)
  5 kobolds
  A quokka (D:1)
  7 bats
  2 frilled lizards
  8 rats
52 creatures vanquished.

Notes
Turn   | Place    | Note
-------+----------+-------------------------------------------
     0 | D:1      | harryhousin the Gnoll Wanderer began the quest for the Orb.
     0 | D:1      | harryhousin set off with the following items: a +0
                  | quarterstaff, a +2 scale mail, a potion of curing, a +0
                  | dagger
     0 | D:1      | Reached XP level 1. HP: 20/20 MP: 1/1
    69 | D:1      | Found a faded altar of an unknown god.
   118 | D:1      | Became a worshipper of Kikubaaqudgha
   118 | D:1      | Reached * piety under Kikubaaqudgha
   118 | D:1      | Identified Kikubaaqudgha's Guide on Sinister Rituals
                  | (Kikubaaqudgha gifted it to you on level 1 of the Dungeon)
   118 | D:1      | Received a gift from Kikubaaqudgha
   246 | D:1      | Reached XP level 2. HP: 26/26 MP: 2/2
   883 | D:1      | Reached ** piety under Kikubaaqudgha
   884 | D:1      | Reached XP level 3. HP: 30/31 MP: 3/3
   886 | D:1      | Learned a level 1 spell: Pain
   947 | D:2      | Reached skill level 1 in Invocations
  1199 | D:2      | Reached skill level 1 in Short Blades
  1199 | D:2      | Reached skill level 1 in Long Blades
  1199 | D:2      | Reached skill level 1 in Axes
  1199 | D:2      | Reached skill level 1 in Maces & Flails
  1199 | D:2      | Reached skill level 1 in Polearms
  1199 | D:2      | Reached skill level 1 in Staves
  1199 | D:2      | Reached skill level 1 in Slings
  1199 | D:2      | Reached skill level 1 in Crossbows
  1199 | D:2      | Reached skill level 1 in Throwing
  1199 | D:2      | Reached skill level 1 in Dodging
  1199 | D:2      | Reached skill level 1 in Shields
  1199 | D:2      | Reached skill level 1 in Spellcasting
  1199 | D:2      | Reached skill level 1 in Evocations
  1333 | D:2      | Reached XP level 4. HP: 36/38 MP: 5/5
  1833 | D:3      | Noticed Ijyb
  1851 | D:3      | Slain by a gnoll

Illustrated notes

Levels and vault maps discovered:
D:1:      dpeg_arrival_refuge, layout_basic, hellmonk_ecumenical_altar_run_dry
D:2:      layout_rooms
D:3:      minmay_angry_zag, layout_basic, minmay_liquid_box, uniq_ijyb

Skill      XL: |  1  2  3 |
---------------+----------+-----
Invocations    | 1 |  1.2
Short Blades   | 1 |  1.1
Long Blades    | 1 |  1.1
Axes           | 1 |  1.1
Maces & Flails | 1 |  1.1
Polearms       | 1 |  1.1
Staves         | 1 |  1.1
Slings         | 1 |  1.1
Crossbows      | 1 |  1.1
Throwing       | 1 |  1.1
Dodging        | 1 |  1.1
Shields        | 1 |  1.1
Spellcasting   | 1 |  1.1
Evocations     | 1 |  1.1
Fighting       | |  4.6
Bows           | |  4.6
Armour         | |  4.6
Stealth        | |  4.2
Unarmed Combat | |  4.6
Conjurations   | |  0.9
Hexes          | |  0.9
Summonings     | |  0.9
Necromancy     | |  0.9
Translocations | |  0.9
Transmutations | |  0.9
Fire Magic     | |  0.9
Ice Magic      | |  0.9
Air Magic      | |  0.9
Earth Magic    | |  0.9
Poison Magic   | |  0.9

Action                   |  1- 3 |  4- 6 || total
-------------------------+-------+-------++-------
Melee: Quarterstaff      |   118 |    82 ||   200
       Bite              |     8 |    10 ||    18
  Use: Scroll            |     2 |     2 ||     4
       Potion            |       |     2 ||     2
Armor: Scale mail        |    91 |    53 ||   144
       Skin              |       |    12 ||    12
Dodge: Dodged            |    59 |    58 ||   117

Table legend: (Time is in decaauts)
 A = Elapsed time spent in this place.
 B = Non-inter-level travel time spent in this place.
 C = Inter-level travel time spent in this place.
 D = Time resting spent in this place.
 E = Time spent auto-exploring this place.
 F = Levels seen in this place.
 G = Mean time per level.
                   A        B        C        D        E       F      G
               +--------+--------+--------+--------+--------+-----+--------+
         Total |   1904 |   1869 |     35 |    356 |    667 |   3 |  634.7 |
       Dungeon |   1904 |   1869 |     35 |    356 |    667 |   3 |  634.7 |
               +--------+--------+--------+--------+--------+-----+--------+

Top non-repeatable levels by time:
     D:1: 970 daAuts
     D:2: 659 daAuts
     D:3: 275 daAuts
